 Dungeon Crawl Stone Soup version 0.30-a0-743-gbfdf073431 (webtiles) character file.

Game seed: 900925836251503657

1729 NinjaNoafa the Conjurer (level 8, -1/59 (61) HPs)
             Began as a Yellow Draconian Conjurer on Feb 6, 2023.
             Was an Initiate of Vehumet.
             Slain by an ice beast (4 damage)
             ... on level 6 of the Dungeon.
             The game lasted 00:24:44 (5439 turns).

NinjaNoafa the Conjurer (Yellow Draconian Conjurer) Turns: 5439, Time: 00:24:45

HP:   -1/59 (61)    AC:  9    Str:  9    XL:     8   Next: 76%
MP:   3/16          EV: 12    Int: 22    God:    Vehumet [......]
Gold: 372           SH:  0    Dex:  9    Spells: 7/18 levels left

rFire   . . .      SeeInvis .    y - +0 falchion
rCold   . . .      Faith    .    (no shield)
rNeg    + . .      Spirit   .    (body armour unavailable)
rPois   .          Reflect  .    (helmet restricted)
rElec   .          Harm     .    f - +1 cloak
rCorr   +          Rampage  .    k - +0 pair of gloves
Will    .....                    (no boots)
Stlth   ++                       (no amulet)
HPRegen 0.29/turn                z - ring of positive energy
MPRegen 0.15/turn                (no ring)

@: on berserk cooldown, slowed, studying Long Blades, lightly drained, very slow
A: spit acid, AC +6, unfitting armour, cold-blooded, acid resistance
a: Breathe Acid, Renounce Religion


You were on level 6 of the Dungeon.
You worshipped Vehumet.
Vehumet was noncommittal.
You visited 2 branches of the dungeon, and saw 7 of its levels.
You also visited: Ossuary.

You collected 372 gold pieces.

Inventory:

Hand Weapons
 y - a +0 falchion (weapon)
Missiles
 n - 20 poisoned darts
 w - 5 boomerangs
Armour
 f - a +1 cloak (worn)
 k - a +0 pair of gloves (worn)
Jewellery
 z - a ring of positive energy (left hand)
Scrolls
 d - a scroll of fog
 g - 2 scrolls of amnesia
 i - a scroll of vulnerability
 j - a scroll of immolation {unknown}
 m - 2 scrolls of identify
 o - a scroll of enchant armour
 p - 3 scrolls of enchant weapon
 u - 2 scrolls of teleportation
 v - a scroll of blinking {unknown}
Potions
 a - a potion of curing {unknown}
 b - 3 potions of resistance {unknown}
 c - a potion of magic
 e - 2 potions of flight {unknown}
 h - a potion of attraction
 l - a potion of ambrosia {unknown}
 q - a potion of mutation {unknown}
 r - 2 potions of lignification {unknown}
 s - 2 potions of berserk rage
 t - a potion of cancellation {unknown}
 x - a potion of invisibility {unknown}
 A - 2 potions of brilliance {unknown}


   Skills:
 + Level 2.0 Fighting
 + Level 2.0 Long Blades
 - Level 2.0 Dodging
 - Level 1.7 Stealth
 - Level 5.7 Spellcasting
 - Level 6.6 Conjurations
 - Level 0.2 Hexes
 - Level 0.9 Translocations
 - Level 5.0 Air Magic
 - Level 5.0 Poison Magic


You had 7 spell levels left.
You knew the following spells:

 Your Spells              Type           Power      Damage    Failure   Level
a - Magic Dart            Conj           100%       1d8       1%          1
b - Searing Ray           Conj           70%        2d7       1%          2
c - Mephitic Cloud        Conj/Pois/Air  30%        N/A       3%          3
d - Dazzling Flash        Conj/Hex       42%        N/A       7%          3
e - Cigotuvi's Dreadful   Necr/Pois/Air  40%        N/A       3%          2

Your spell library contained the following spells:

 Spells                   Type           Power      Damage    Failure   Level
 Call Imp                 Summ           6%         N/A       14%         2
 Iskenderun's Mystic Bla  Conj/Tloc      22%        2d6       21%         4
 Fulminant Prism          Conj/Hex       10%        3d8       22%         4
 Dispel Undead            Necr           6%         3d8       67%         4
 Death Channel            Necr           3%         N/A       100%        6


Dungeon Overview and Level Annotations

Branches:
Dungeon (6/15)             Temple (1/1) D:5         Ossuary (visited)

Altars:
Ashenzari
Elyvilon
Fedhas
Kikubaaqudgha
Makhleb
Okawaru
Qazlal
Uskayaw
Vehumet
Yredelemnul
Zin

Shops:
D:3 (   D:6 ?

Annotations:
D:6 1 runed translucent door, ragingrage's ghost, novice TrCK


Innate Abilities, Weirdness & Mutations

You can spit globs of acid.
Your golden yellow scales are hard. (AC +6)
You cannot fit into any form of body armour.
You are cold-blooded and may be slowed by cold attacks.
You are resistant to acid. (rCorr)


Message History

The searing ray misses the ice beast.
The searing ray misses the hound.
You feel yourself speed up. The ice beast barely misses you.
The necrophage barely misses you. The necrophage hits you.
* * * LOW HITPOINT WARNING * * *
You partially resist.
You feel drained.
The hound pauses to sniff the ground.
The ice beast barely misses you. The necrophage misses you.
The necrophage hits you.
* * * LOW HITPOINT WARNING * * *
A red film seems to cover your vision as you go berserk!
You feel yourself moving faster!
You feel mighty!
The necrophage hits you but does no damage.
The necrophage misses you. The ice beast closely misses you.
You feel a strong urge to attack something.
Okay, then.
You hit the necrophage.
Your tail-slap misses the necrophage.
The necrophage is lightly damaged.
The necrophage closely misses you.
You hit the necrophage. You tail-slap the necrophage!
The necrophage is heavily damaged.
You barely miss the necrophage.
The necrophage is heavily damaged.
You are no longer berserk.
You are exhausted.
You feel yourself slow down.
The necrophage hits you but does no damage.
You hit the necrophage but do no damage.
The necrophage is heavily damaged.
The hound closely misses you. x2; The necrophage closely misses you.
The hound pauses to sniff the ground.
The hound bites you but does no damage. The necrophage hits you.
* * * LOW HITPOINT WARNING * * *
The ice beast attacks as you move away!
The ice beast hits you but does no damage.
The hound barely misses you.
Okay, then.
The hound barely misses you. The necrophage closely misses you.
The ice beast hits you.
You die...

#..# ### #..# #..
#..# ######.. #..#
##..##... #..#
##........ #..#
#......... #..#
#......... #.@##
#......!.. #Yhn##
##...n...#
##n..### ##.....##
#.....#####.....##
#...............##
#.................
#..........####..#
#...#....#### #..#
#..####...# #..#


You could see an ice beast, 2 necrophages and a hound.

Vanquished Creatures
  Grinder (D:5)
  Menkaure (D:5)
  3 ogres
  3 elf zombies (Ossuary)
  4 scorpions
  A necrophage (D:5)
  3 howler monkeys
  3 human zombies (Ossuary)
  2 hounds (D:5)
  2 jellies (D:5)
  2 iguanas (D:4)
  3 hound zombies
  3 mummies (Ossuary)
  5 adders
  3 gnolls (D:4)
  2 ufetubi
  4 adder zombies (Ossuary)
  3 adder skeletons (D:3)
  4 worms
  9 orcs
  3 bats
  7 endoplasms
  4 giant cockroaches
  6 goblins
  10 hobgoblins
  3 ball pythons
  A frilled lizard (D:2)
  A giant cockroach zombie (D:3)
  A gnoll zombie (Ossuary)
  2 goblin zombies (Ossuary)
  2 hobgoblin zombies (Ossuary)
  A jackal skeleton (D:3)
  2 jackal zombies (Ossuary)
  5 kobolds
  3 kobold zombies (Ossuary)
  4 orc zombies
  A quokka skeleton (D:3)
  4 quokka zombies (Ossuary)
  3 rats
  6 rat zombies (Ossuary)
130 creatures vanquished.

Vanquished Creatures (others)
  5 withered plants (D:3)
5 creatures vanquished.

Grand Total: 135 creatures vanquished

Notes
Turn   | Place    | Note
-------+----------+-------------------------------------------
     0 | D:1      | NinjaNoafa the Draconian Conjurer began the quest for the
                  | Orb.
     0 | D:1      | Reached XP level 1. HP: 14/14 MP: 3/3
   276 | D:1      | Reached XP level 2. HP: 20/20 MP: 1/5
   328 | D:1      | Learned a level 2 spell: Searing Ray
   912 | D:2      | Reached XP level 3. HP: 26/26 MP: 2/7
  1461 | D:3      | Found Jaisu's Antique Weapon Emporium.
  1468 | D:3      | HP: 1/26 [poisoned by a kobold]
  1479 | D:3      | HP: 2/40 [adder skeleton (2)]
  1488 | D:3      | Reached skill level 1 in Fighting
  1672 | D:3      | Reached XP level 4. HP: 35/35 MP: 1/8
  1870 | D:4      | Reached skill level 5 in Conjurations
  1872 | D:4      | Noticed a scorpion
  1943 | D:4      | Killed a scorpion
  1944 | D:4      | Reached XP level 5. HP: 40/40 MP: 0/10
  1964 | D:4      | Found a hide-covered altar of Uskayaw.
  1991 | D:4      | Found a sand-covered staircase.
  2005 | Ossuary  | Entered an ossuary
  2530 | Ossuary  | Reached XP level 6. HP: 45/47 MP: 5/12
  2644 | Ossuary  | Reached skill level 5 in Spellcasting
  2644 | Ossuary  | Reached skill level 6 in Conjurations
  3040 | Ossuary  | Your scales start taking on a golden yellow colour.
  3040 | Ossuary  | Reached XP level 7. HP: 44/52 MP: 0/15
  3040 | Ossuary  | Gained mutation: You are resistant to acid. (rCorr) [Yellow
                  | Draconian growth]
  3247 | D:4      | Learned a level 3 spell: Mephitic Cloud
  3502 | D:4      | Reached skill level 1 in Air Magic
  3502 | D:4      | Reached skill level 1 in Poison Magic
  4071 | D:5      | Entered Level 5 of the Dungeon
  4200 | D:5      | Found a staircase to the Ecumenical Temple.
  4255 | Temple   | Entered the Ecumenical Temple
  4400 | Temple   | Became a worshipper of Vehumet
  4487 | D:5      | Found a burning altar of Makhleb.
  4489 | D:5      | Found a glowing silver altar of Zin.
  4489 | D:5      | Noticed a green death
  4489 | D:5      | Noticed an angel
  4535 | D:5      | Reached XP level 8. HP: 59/59 MP: 8/16
  4542 | D:5      | Learned a level 2 spell: Cigotuvi's Dreadful Rot
  4843 | D:5      | Noticed Grinder
  4845 | D:5      | Noticed Menkaure
  4855 | D:5      | Killed Grinder
  4865 | D:5      | Killed Menkaure
  4866 | D:5      | Reached skill level 5 in Air Magic
  4866 | D:5      | Reached skill level 5 in Poison Magic
  5122 | D:6      | Found a runed translucent door.
  5125 | D:6      | Noticed ragingrage's ghost (novice TrCK)
  5174 | D:6      | Found Apoqun's Magic Scroll Boutique.
  5185 | D:6      | Found a white marble altar of Elyvilon.
  5392 | D:6      | Learned a level 3 spell: Dazzling Flash
  5437 | D:6      | HP: 2/59 [necrophage (6)]
  5439 | D:6      | Slain by an ice beast

Illustrated notes

Levels and vault maps discovered:
D:1:      lemuel_arrival_rhombus, layout_basic
D:2:      layout_loops_cross, reono_crystal_passage
D:3:      layout_rooms, serial_undead, serial_undead_f, serial_undead_b,
          serial_undead_f, serial_undead_e, serial_shops, nicolae_diamond_shop,
          due_unseen_surprise
D:4:      layout_cave_pools, nicolae_uskayaw_suspiria, enter_ossuary_3
D:5:      layout_rooms, grunt_temple_overflow_order_and_chaos_2,
          minmay_temple_entry_wispy, uniq_grinder, uniq_menkaure
D:6:      layout_layer_cave, lemuel_round_altar, ebering_ghost_sewer_d,
          serial_shops, nicolae_shop_waterfront
Temple:   minmay_temple_curvy_loop

Skill      XL: |  1  2  3  4  5  6  7  8 |
---------------+-------------------------+-----
Spellcasting   | 3 4 5 |  5.7
Fighting       | 1 2 |  2.0
Conjurations   | 5 6 |  6.6
Air Magic      | 3 5 |  5.0
Poison Magic   | 3 5 |  5.0
Dodging        | 2 |  2.0
Long Blades    | 2 |  2.0
Stealth        | |  1.7
Hexes          | |  0.2
Translocations | |  0.9

Action                     |  1- 3 |  4- 6 |  7- 9 || total
---------------------------+-------+-------+-------++-------
  Melee: Dagger            |    40 |    72 |    18 ||   130
         Tailslap          |     6 |    11 |     8 ||    25
         Punch             |       |     1 |       ||     1
         Falchion          |       |       |    20 ||    20
   Cast: Magic Dart        |    79 |    45 |     5 ||   129
         Searing Ray       |     2 |    26 |    31 ||    59
         Mephitic Cloud    |       |       |     6 ||     6
         Dazzling Flash    |       |       |     1 ||     1
Ability: Breathe Acid      |       |       |    19 ||    19
    Use: Potion            |     4 |       |     1 ||     5
         Scroll            |       |       |     6 ||     6
 Armour: Skin              |    17 |    63 |    60 ||   140
  Dodge: Dodged            |    40 |    90 |   102 ||   232

Table legend: (Time is in decaauts)
 A = Elapsed time spent in this place.
 B = Non-inter-level travel time spent in this place.
 C = Inter-level travel time spent in this place.
 D = Time resting spent in this place.
 E = Time spent auto-exploring this place.
 F = Levels seen in this place.
 G = Mean time per level.
                   A        B        C        D        E       F      G
               +--------+--------+--------+--------+--------+-----+--------+
         Total |   5461 |   5044 |    417 |      0 |   3350 |   8 |  682.6 |
       Dungeon |   4038 |   3677 |    361 |      0 |   2437 |   6 |  673.0 |
        Temple |    201 |    145 |     56 |      0 |    126 |   1 |  201.0 |
       Ossuary |   1221 |   1221 |      0 |      0 |    787 |   1 | 1221.0 |
               +--------+--------+--------+--------+--------+-----+--------+

Top non-repeatable levels by time:
 Ossuary: 1221 daAuts
     D:2: 905 daAuts
     D:5: 851 daAuts
     D:3: 699 daAuts
     D:1: 670 daAuts
     D:4: 591 daAuts
     D:6: 321 daAuts
  Temple: 201 daAuts
